 Dungeon Crawl Stone Soup version 0.23.1-41-g7e51ed3 (webtiles) character file.

Game seed: 939029894448870355

156505 Borgoz the Protected (level 17, -10/104 HPs)
             Began as a Gargoyle Gladiator on Mar 29, 2019.
             Was a High Priest of Ashenzari.
             Hit by a javelin thrown by a merfolk javelineer (12 damage)
             ... on level 4 of the Shoals on Mar 30, 2019.
             The game lasted 01:37:05 (36648 turns).

Borgoz the Protected (Gargoyle Gladiator)          Turns: 36648, Time: 01:37:06

Health: -10/104    AC: 37    Str: 32    XL:     17   Next: 67%
Magic:  0/33       EV: 17    Int: 12    God:    Ashenzari [*****.]
Gold:   309        SH:  9    Dex: 16    Spells: 20/26 levels left

rFire    + . .     SeeInvis +   a - +7 rapier of Eriomolu {venom, MP+9 Stlth+} (curse)
rCold    . . .     Gourm    .   W - +3 buckler {reflect} (curse)
rNeg     + . .     Faith    .   w - +2 chain mail {rF+}
rPois    ∞         Spirit   +   P - +1 hat
rElec    +         Reflect  +   J - scarf {Spirit} (curse)
rCorr    .         Harm     .   K - +2 pair of gloves of Qazlal's Approval {Int+3 SInv}
MR       +....     Clarity  +   C - +1 pair of boots {run} (curse)
Stlth    +++.......             c - amulet of rage (curse)
HPRegen  0.27/turn              S - +4 ring of strength
MPRegen  0.23/turn              e - +4 ring of strength

@: berserk cooldown, flying, very slightly contaminated, slowed, very slow
A: big wings, thin metallic scales 1, negative energy resistance 1, electricity
resistance, strong 2, unbreathing, petrification resistance, rot immunity,
MP-powered wands, AC +12
a: Stop Flying, Curse Item, Scrying, Transfer Knowledge, Renounce Religion,
Evoke Berserk Rage


You were on level 4 of the Shoals.
You worshipped Ashenzari.
Ashenzari was extremely pleased with you.
You were hungry.

You visited 5 branches of the dungeon, and saw 28 of its levels.
You visited 1 bazaar.
You also visited: Gauntlet and Ice Cave.

You collected 3058 gold pieces.
You spent 2749 gold pieces at shops.

Inventory:

Hand Weapons
 a - the cursed +7 rapier of Eriomolu (weapon) {venom, MP+9 Stlth+}
   (You found it in an ice cave)

   It poisons the flesh of those it strikes.
   It affects your magic capacity (+9).
   It makes you more stealthy.
   It has a curse placed upon it.
 b - a +6 dagger of electrocution
 o - a +0 short sword of holy wrath
 G - the +7 great sword of Valour {freeze, rC+ rN+}
   (You took it off a merfolk on level 2 of the Shoals)

   It has been specially enchanted to freeze those struck by it, causing extra
   injury to most foes and up to half again as much damage against particularly
   susceptible opponents.
   It can also slow down cold-blooded creatures.
   It protects you from cold.
   It protects you from negative energy.
 I - the +8 short sword "Ocusm" {freeze, Int+2}
   (You found it in an ice cave)

   It has been specially enchanted to freeze those struck by it, causing extra
   injury to most foes and up to half again as much damage against particularly
   susceptible opponents.
   It can also slow down cold-blooded creatures.
   It affects your intelligence (+2).
Missiles
 h - 9 throwing nets (quivered)
 p - 104 tomahawks
 R - 18 poisoned javelins
Armour
 w - a +2 chain mail of fire resistance (worn)
 y - a +1 pair of boots of stealth
 C - a cursed +1 pair of boots of running (worn)
 J - a cursed scarf of spirit shield (worn)
 K - the +2 pair of gloves of Qazlal's Approval (worn) {Int+3 SInv}
   (You found it in a Gauntlet)

   It affects your intelligence (+3).
   It lets you see invisible.
 P - a +1 hat (worn)
 Q - a +2 ring mail of cold resistance
 W - a cursed +3 buckler of reflection (worn)
Jewellery
 c - a cursed amulet of rage (around neck)
 e - a +4 ring of strength (right hand)
 N - an uncursed ring of protection from fire
 O - an uncursed ring of stealth
 S - a +4 ring of strength (left hand)
 Z - an uncursed ring of ice
Wands
 n - a wand of digging (4)
 v - a wand of enslavement (5)
 z - a wand of paralysis (16)
 B - a wand of iceblast (21)
 E - a wand of clouds (5)
 H - a wand of acid (13)
Scrolls
 g - a scroll of blinking
 i - 14 scrolls of teleportation
 j - a scroll of identify
 k - 6 scrolls of fog
 l - 13 scrolls of remove curse
 q - 3 scrolls of summoning
 r - 3 scrolls of silence
 t - 2 scrolls of magic mapping
 M - 2 scrolls of fear
 U - a scroll of holy word
Potions
 d - a potion of ambrosia
 m - 3 potions of resistance
 s - a potion of agility
 u - 3 potions of cancellation
 x - 14 potions of curing
 A - 4 potions of might
 D - 6 potions of haste
 F - a potion of berserk rage
 V - a potion of heal wounds
Comestibles
 f - 60 rations
 L - 5 chunks of flesh


   Skills:
 + Level 11.2 Fighting
 * Level 13.1(16.7) Short Blades
 - Level 5.0 Throwing
 * Level 14.8 Armour
 * Level 12.1 Dodging
 + Level 11.9 Stealth
 + Level 6.2(8.9) Shields
 - Level 5.0 Spellcasting
 + Level 6.5 Hexes
 + Level 8.5 Evocations


You had 20 spell levels left.
You knew the following spells:

 Your Spells              Type           Power        Failure   Level  Hunger
a - Invisibility          Hex            ###.....     99%         6    #######

Your spell library contained the following spells:

 Spells                   Type           Power        Failure   Level  Hunger
 Tukima's Dance           Hex            ###.....     12%         3    ###....
 Dazzling Spray           Conj/Hex       ##....       43%         3    ###....
 Inner Flame              Hex/Fire       ##......     43%         3    ###....
 Apportation              Tloc           #.....       52%         1    None
 Flame Tongue             Conj/Fire      #....        52%         1    None
 Magic Dart               Conj           #...         52%         1    None
 Summon Butterflies       Summ           #.......     52%         1    None
 Corpse Rot               Necr           N/A          65%         2    ##.....
 Searing Ray              Conj           #.....       65%         2    ##.....
 Throw Flame              Conj/Fire      #.....       65%         2    ##.....
 Fulminant Prism          Conj/Hex       ##........   83%         4    ####...
 Conjure Flame            Conj/Fire      #.......     87%         3    ###....
 Lesser Beckoning         Tloc           #.........   87%         3    ###....
 Force Lance              Conj/Tloc      #.......     99%         4    ####...
 Iskenderun's Mystic Bla  Conj           #.......     99%         4    ####...
 Sticky Flame             Conj/Fire      #.......     99%         4    ####...
 Agony                    Necr           #.......     100%        5    ######.
 Alistair's Intoxication  Tmut/Pois      #.......     100%        5    ######.
 Bolt of Draining         Conj/Necr      #.........   100%        5    ######.
 Dispel Undead            Necr           #.......     100%        5    ######.
 Excruciating Wounds      Chrm/Necr      #.........   100%        5    ######.
 Fireball                 Conj/Fire      #.........   100%        5    ######.
 Sublimation of Blood     Necr           Unusable     N/A         2    N/A

Dungeon Overview and Level Annotations

Branches:
Dungeon (15/15)            Temple (1/1) D:6            Lair (6/6) D:8
 Shoals (4/4) Lair:4       Spider (0/4) Lair:2        Slime (0/5) Lair:5
    Orc (2/2) D:12            Elf (0/3) Orc:2        Vaults (0/5) D:13
 Depths (0/5) D:15

Altars:
Ashenzari
Cheibriados
Dithmenos
Elyvilon
Fedhas
Gozag
Hepliaklqana
Kikubaaqudgha
Makhleb
Nemelex Xobeh
Okawaru
Qazlal
Ru
Sif Muna
Trog
Uskayaw
Vehumet
Wu Jian
Xom
Yredelemnul
Zin
The Shining One
Beogh

Shops:
D:5 !   D:12 }   Orc:2 ??*!

Annotations:
D:14 1 runed translucent door


Innate Abilities, Weirdness & Mutations

You are resistant to torment.
Your stone body is resilient. (AC +12)
You are immune to poison.
Your large and strong wings let you fly indefinitely.
You resist negative energy. (rN+)
You are resistant to electric shocks. (rElec)
You can survive without breathing.
You are immune to petrification.
You are immune to rotting.
You are partially covered in thin metallic scales. (AC +2)
Your muscles are very strong. (Str +4)
You expend magic power (3 MP) to strengthen your wands.


Message History

* * * LOW HITPOINT WARNING * * *
You hear a splash.
Blink to where?
Press: ? - help, Dir - move target cursor You are very lightly contaminated with residual magic.
As you read the scroll of blinking, it crumbles to dust.
The merfolk javelineer throws a javelin.
The javelin closely misses you.
The merfolk javelineer throws a javelin.
The javelin hits you.
* * * LOW HITPOINT WARNING * * *
The merfolk javelineer throws a javelin.
You reflect the javelin off your cursed +3 buckler of reflection!
The javelin hits the merfolk javelineer!
You hear a splash.
The merfolk avatar chants a haunting song.
You are unaffected.
The merfolk javelineer throws a javelin.
The javelin hits you!
You die...

≈≈≈≈≈≈≈≈≈≈(≈.....$...≈≈≈ ≈≈ ,,
≈≈≈≈≈≈≈m≈≈............. ,,
≈≈≈≈≈≈≈≈≈m≈.)..........., ,, *,,,
≈≈≈≈≈≈(≈≈≈≈............. ,, * ,,
≈≈≈≈≈≈..≈≈..............,,, ,
≈≈≈≈≈≈≈≈≈...............,, *
≈≈≈≈≈≈≈≈≈.....(.............., ,
≈≈≈≈≈≈≈≈≈≈≈≈...####(.###.....$ ,
≈≈≈≈≈≈≈≈≈≈≈≈≈≈..@#######.......,
≈≈.≈≈≈≈≈≈≈≈≈≈.....## ##.........
≈...≈≈≈≈≈≈≈≈..###..# #...........
≈.....≈≈≈≈)..## #..# #...........
≈.......≈≈.)..###..###.........<.
......[.≈≈))≈..........≈≈≈≈.....8
≈......#.<..≈≈..≈≈≈≈...≈≈≈≈≈≈≈≈..
.≈.≈≈....†.≈≈≈≈≈≈≈≈≈≈≈≈≈≈≈≈≈≈≈≈≈≈
≈...≈..≈...≈≈≈≈≈≈≈≈≈≈≈≈≈≈≈≈≈≈≈≈≈≈


You could see a merfolk javelineer.

Vanquished Creatures
  A lich (D:14)
  Polyphemus (Shoals:3)
  A storm dragon (D:13)
  Ilsuiw (Shoals:3)
  Louise (Shoals:3)
  A very ugly thing (D:13)
  A stone giant (Orc:1)
  An ironheart preserver (D:13)
  The ghost of sdfsdf the Cleaver, a journeyman DDFi of Makhleb (D:14)
  A deep elf annihilator (D:14)
  4 dire elephants
  A minotaur (Gauntlet)
  A death ooze (Gauntlet)
  8 merfolk impalers
  Josephine (Shoals:1)
  An ice dragon (D:14)
  Fannar (D:12)
  2 catoblepae
  Harold (D:8)
  A yaktaur captain (D:15)
  6 hydras
  An anaconda (Lair:6)
  A death knight (D:14)
  5 centaur warriors
  4 merfolk avatars
  An alligator snapping turtle (Shoals:3)
  A satyr (Shoals:4)
  2 two-headed ogres
  3 merfolk aquamancers
  A death yak (Shoals:3)
  3 orc high priests (Orc:2)
  Nergalle (D:12)
  8 skeletal warriors
  8 sea snakes
  4 unseen horrors
  A flayed ghost (D:14)
  A wizard (D:14)
  A deep elf archer (D:14)
  3 harpies (Shoals:1)
  2 necromancers
  10 ugly things
  4 deep elf magi
  A wolf spider (D:14)
  5 orc sorcerers
  5 orc knights (Orc:2)
  5 cyclopes
  8 fauns
  Joseph (D:8)
  7 manticores
  23 elephants
  A black mamba (Lair:6)
  3 ice statues (IceCv)
  10 merfolk sirens
  A guardian serpent (shapeshifter) (D:14)
  4 water nymphs
  10 spiny frogs
  2 gargoyles (D:14)
  A kobold demonologist (D:14)
  3 rime drakes
  8 komodo dragons
  2 yaktaurs
  An efreet (D:14)
  A freezing wraith (D:14)
  A yaktaur (shapeshifter) (D:14)
  10 ice devils (IceCv)
  A queen bee (Lair:1)
  3 tengu conjurers
  2 polar bears (D:10)
  3 meliai (D:15)
  A hornet (D:10)
  42 merfolk
  2 trolls
  Prince Ribbit (D:6)
  A harpy skeleton (D:12)
  9 slime creatures
  4 wind drakes
  12 blink frogs
  9 dream sheep (Lair:6)
  4 snapping turtles
  7 hippogriffs
  6 shadows
  3 centaur simulacra
  9 wraiths
  A spriggan (Lair:3)
  4 wyverns
  3 vampires
  5 water elementals
  A hog (shapeshifter) (D:14)
  27 yaks
  Grum (D:11)
  2 basilisks (D:14)
  4 hungry ghosts
  7 vampire mosquitoes
  Edmund (D:6)
  2 wargs (Orc:1)
  2 soldier ants (D:14)
  4 acid dragons
  12 water moccasins
  Duvessa (D:7)
  13 porcupines
  2 sky beasts
  9 ice beasts
  29 orc warriors
  3 phantoms
  5 black bears
  3 eyes of draining
  9 ogres
  9 wolves
  24 centaurs
  11 crocodiles
  A big kobold (D:12)
  16 bullfrogs
  6 scorpions
  Dowan (D:7)
  A wyvern skeleton (D:9)
  A water moccasin skeleton (D:4)
  21 wights
  19 killer bees (Lair:1)
  5 howler monkeys
  2 bullfrog zombies
  3 electric eels
  12 crimson imps
  6 hounds
  3 quasits
  2 draconian simulacra (IceCv)
  5 jellies
  2 centaur zombies
  25 orc priests
  25 orc wizards
  2 bullfrog skeletons
  8 centaur skeletons
  9 iguanas
  Ijyb (D:3)
  9 worker ants
  7 hell rats (Lair:6)
  A spriggan simulacrum (IceCv)
  2 troll simulacra (IceCv)
  2 hound skeletons
  7 gnolls
  15 adders
  3 naga simulacra (IceCv)
  An ogre simulacrum (IceCv)
  4 shadow imps
  A white imp (D:10)
  3 ufetubi (D:10)
  2 oozes
  An adder skeleton (D:7)
  3 worms (D:2)
  A dart slug (D:4)
  7 leopard geckos
  102 orcs
  22 giant cockroaches
  7 goblins
  6 hobgoblins
  18 jackals
  5 quokkas
  A ball python (D:1)
  8 bats
  6 frilled lizards
  12 kobolds
  7 rats
  8 fungi (D:8)
  9 plants
984 creatures vanquished.

Vanquished Creatures (others)
  A merfolk javelineer (Shoals:3)
  A death yak (Shoals:3)
  An ugly thing (D:14)
  A merfolk siren (Shoals:3)
  2 merfolk (Shoals:2)
  A wyvern (D:10)
  2 orcs
  51 fungi
  27 plants
  A withered plant (Gauntlet)
88 creatures vanquished.

Grand Total: 1072 creatures vanquished

Notes
Turn   | Place    | Note
-------+----------+-------------------------------------------
     0 | D:1      | Borgoz the Gargoyle Gladiator began the quest for the Orb.
     0 | D:1      | Reached XP level 1. HP: 12/12 MP: 1/1
   178 | D:1      | Reached XP level 2. HP: 12/17 MP: 2/2
   937 | D:2      | Found a sacrificial altar of Ru.
   938 | D:2      | Reached skill level 1 in Armour
   938 | D:2      | Reached XP level 3. HP: 21/22 MP: 3/3
  1218 | D:2      | Reached skill level 1 in Stealth
  1384 | D:2      | Reached XP level 4. HP: 21/27 MP: 4/4
  1621 | D:2      | Gained mutation: You tend to lose your temper in combat.
                  | [potion of mutation]
  1621 | D:2      | Gained mutation: You are agile. (Dex +2) [potion of
                  | mutation]
  1621 | D:2      | Gained mutation: Your muscles are strong. (Str +2) [potion
                  | of mutation]
  1628 | D:2      | Reached skill level 2 in Armour
  1903 | D:2      | Reached XP level 5. HP: 22/32 MP: 5/5
  2592 | D:3      | Reached XP level 6. HP: 37/37 MP: 6/6
  2743 | D:3      | Reached skill level 3 in Armour
  2993 | D:3      | Lost mutation: You are agile. (Dex +2) [potion of mutation]
  2993 | D:3      | Lost mutation: You tend to lose your temper in combat.
                  | [potion of mutation]
  2993 | D:3      | Gained mutation: Your muscles are very strong. (Str +4)
                  | [potion of mutation]
  2993 | D:3      | Gained mutation: You expend magic power (3 MP) to
                  | strengthen your wands. [potion of mutation]
  2993 | D:3      | Gained mutation: You are partially covered in thin metallic
                  | scales. (AC +2) [potion of mutation]
  3070 | D:3      | Noticed Ijyb
  3085 | D:3      | Killed Ijyb
  3194 | D:4      | Reached XP level 7. HP: 38/41 MP: 7/7
  3674 | D:4      | Reached skill level 4 in Armour
  4041 | D:5      | Entered Level 5 of the Dungeon
  4174 | D:5      | Reached XP level 8. HP: 6/48 MP: 8/8
  4424 | D:5      | Found Verchu's Distillery.
  4444 | D:5      | Bought a potion of might for 48 gold pieces
  4444 | D:5      | Bought 2 potions of heal wounds for 120 gold pieces
  4709 | D:6      | Found a staircase to the Ecumenical Temple.
  4935 | Temple   | Entered the Ecumenical Temple
  4957 | Temple   | Became a worshipper of Ashenzari the Shackled
  5083 | D:6      | Noticed Edmund
  5122 | D:6      | Killed Edmund
  5165 | D:6      | Noticed Prince Ribbit
  5211 | D:6      | Killed Prince Ribbit
  5211 | D:6      | Reached skill level 5 in Short Blades
  5211 | D:6      | Reached skill level 5 in Armour
  5864 | D:6      | Found an iron altar of Okawaru.
  5914 | D:6      | Reached XP level 9. HP: 52/52 MP: 9/9
  5998 | D:7      | Reached skill level 5 in Dodging
  6359 | D:7      | Reached skill level 5 in Fighting
  6359 | D:7      | Reached skill level 6 in Armour
  6370 | D:7      | Found an ornate altar of the Wu Jian Council.
  6370 | D:7      | Noticed a deep elf mage
  6383 | D:7      | Killed a deep elf mage
  6600 | D:7      | Noticed Dowan
  6601 | D:7      | Noticed Duvessa
  6636 | D:7      | Killed Duvessa
  6642 | D:7      | Killed Dowan
  7321 | D:7      | Reached skill level 5 in Stealth
  7512 | D:7      | Reached skill level 7 in Armour
  7517 | D:7      | Reached XP level 10. HP: 59/59 MP: 10/10
  7598 | D:7      | Reached skill level 1 in Evocations
  7815 | D:8      | Found a staircase to the Lair.
  8071 | D:8      | Identified the +7 hunting sling of Amortisation {venom,
                  | Str-5 Int+6 Stlth+}
  8310 | D:8      | Noticed a two-headed ogre
  8316 | D:8      | Killed a two-headed ogre
  8546 | D:8      | Noticed Joseph
  8548 | D:8      | Noticed Harold
  8562 | D:8      | Killed Harold
  8572 | D:8      | Killed Joseph
  8572 | D:8      | Reached skill level 5 in Throwing
  8672 | D:8      | Reached skill level 8 in Armour
  9235 | D:9      | Found a stormy altar of Qazlal.
  9429 | D:9      | Reached XP level 11. HP: 44/66 MP: 11/13
  9473 | D:9      | Reached * piety under Ashenzari
  9569 | D:10     | Entered Level 10 of the Dungeon
 10687 | D:10     | Reached skill level 9 in Armour
 11019 | D:11     | Got the uncursed leather armour of Kaacag {Int+2}
 11030 | D:11     | Identified the +2 leather armour of Kaacag {Int+2} (You
                  | found it on level 11 of the Dungeon)
 11113 | D:11     | Found a frozen archway.
 11292 | IceCv    | Entered an ice cave
 13083 | IceCv    | Reached XP level 12. HP: 49/72 MP: 14/14
 13997 | IceCv    | Got the rapier of Eriomolu {venom, MP+9 Stlth+}
 13999 | IceCv    | Got the short sword "Ocusm" {freeze, Int+2}
 14105 | D:11     | Noticed Fannar
 14146 | D:10     | Identified the +8 short sword "Ocusm" {freeze, Int+2} (You
                  | found it in an ice cave)
 14147 | D:10     | Identified the +7 rapier of Eriomolu {venom, MP+9 Stlth+}
                  | (You found it in an ice cave)
 14283 | D:11     | Noticed Grum
 14292 | D:11     | Reached skill level 10 in Armour
 14300 | D:11     | Killed Grum
 14747 | D:12     | Noticed Nergalle
 14768 | D:12     | Killed Nergalle
 15289 | D:12     | Found Jeyn's Gadget Shop.
 15499 | D:12     | Killed Fannar
 15636 | Lair:1   | Entered Level 1 of the Lair of Beasts
 15820 | Lair:1   | Reached ** piety under Ashenzari
 16004 | Lair:1   | Reached skill level 5 in Evocations
 16004 | Lair:1   | Reached XP level 13. HP: 50/78 MP: 16/16
 16141 | Lair:1   | Learned a level 6 spell: Invisibility
 16183 | Lair:1   | Reached skill level 11 in Armour
 16183 | Lair:1   | Reached skill level 1 in Spellcasting
 16324 | Lair:1   | Reached skill level 1 in Hexes
 16741 | Lair:2   | Found a hole to the Spider Nest.
 17607 | Lair:3   | Reached skill level 10 in Short Blades
 18136 | Lair:3   | Noticed a dire elephant
 18426 | Lair:3   | Killed a dire elephant
 18911 | Lair:4   | Found a staircase to the Shoals.
 19273 | Lair:4   | Reached *** piety under Ashenzari
 19604 | Lair:5   | Found a staircase to the Slime Pits.
 19671 | Lair:5   | Found a gate leading to a gauntlet.
 19722 | Lair:5   | Gained mutation: Your large and strong wings let you fly
                  | indefinitely. [Gargoyle growth]
 19722 | Lair:5   | Reached XP level 14. HP: 55/84 MP: 18/18
 19927 | Gauntlet | Entered a Gauntlet
 19927 | Gauntlet | Found a transporter.
 19946 | Gauntlet | Found a transporter.
 19949 | Gauntlet | Found a transporter.
 19949 | Gauntlet | Found a transporter.
 19952 | Gauntlet | Found a transporter.
 19953 | Gauntlet | Found a transporter.
 19961 | Gauntlet | Found a transporter.
 19970 | Gauntlet | Found a transporter.
 20031 | Gauntlet | Found a transporter.
 20044 | Gauntlet | Found a transporter.
 20047 | Gauntlet | Found a transporter.
 20057 | Gauntlet | Found a transporter.
 20133 | Gauntlet | Reached skill level 12 in Armour
 20204 | Gauntlet | Got the uncursed pair of gloves of Qazlal's Approval {Int+3
                  | SInv}
 20328 | Gauntlet | Identified the +2 pair of gloves of Qazlal's Approval
                  | {Int+3 SInv} (You found it in a Gauntlet)
 20463 | Gauntlet | Got the cursed glaive "Leacop" {chaos, MR+ Dex+4}
 20465 | Gauntlet | Identified the cursed +1 glaive "Leacop" {chaos, MR+ Dex+4}
                  | (You found it in a Gauntlet)
 21144 | Lair:6   | Entered Level 6 of the Lair of Beasts
 21292 | Lair:6   | Reached skill level 10 in Dodging
 21305 | Lair:6   | Reached **** piety under Ashenzari
 22596 | Lair:6   | Identified the ring "Umiet" {rPois Int+2}
 22623 | Lair:6   | Noticed a dire elephant
 22623 | Lair:6   | Noticed a dire elephant
 22643 | Lair:6   | Killed a dire elephant
 22655 | Lair:6   | Killed a dire elephant
 22661 | Lair:6   | Noticed a dire elephant
 22677 | Lair:6   | Killed a dire elephant
 22887 | Lair:6   | Got the morningstar of Itoac {crush, +Blink rF+ Str+4}
 23428 | D:12     | Reached skill level 10 in Stealth
 23794 | D:12     | Reached skill level 1 in Shields
 23881 | D:12     | Found a staircase to the Orcish Mines.
 24081 | D:13     | Found a gate to the Vaults.
 24081 | D:13     | Noticed an ironheart preserver
 24118 | D:13     | Reached XP level 15. HP: 91/91 MP: 21/21
 25073 | D:14     | Found a runed translucent door.
 25075 | D:14     | Found a runed translucent door.
 25075 | D:14     | Noticed a storm dragon
 25115 | D:14     | Reached skill level 13 in Armour
 25129 | D:14     | Noticed a lich
 25129 | D:14     | Noticed sdfsdf's ghost (journeyman DDFi)
 26336 | D:14     | Reached skill level 10 in Fighting
 26451 | D:14     | Reached skill level 5 in Spellcasting
 26798 | D:14     | Identified the +3 robe of Entitlement {+Fly rElec rF-
                  | Stlth+}
 27219 | D:15     | Entered Level 15 of the Dungeon
 27428 | D:15     | Reached XP level 16. HP: 83/97 MP: 23/23
 27624 | D:15     | Found a staircase to the Depths.
 27627 | D:15     | Reached skill level 5 in Hexes
 28165 | Orc:1    | Entered Level 1 of the Orcish Mines
 28193 | Orc:1    | Paralysed by an orc sorcerer for 4 turns
 28651 | D:5      | Bought a potion of ambrosia for 96 gold pieces
 28651 | D:5      | Bought a potion of haste for 120 gold pieces
 29222 | D:13     | Killed a storm dragon
 29386 | D:14     | Killed a lich
 29425 | D:14     | Killed sdfsdf's ghost
 29967 | Orc:2    | Entered Level 2 of the Orcish Mines
 29967 | Orc:2    | Found a roughly hewn altar of Beogh.
 29967 | Orc:2    | Found a staircase to the Elven Halls.
 30657 | Orc:2    | Paralysed by an orc sorcerer for 7 turns
 31005 | Orc:2    | Reached skill level 14 in Armour
 31066 | Orc:2    | Found Loc Kak's Distillery.
 31066 | Orc:2    | Found Gusm's Magic Scroll Shoppe.
 31124 | Orc:2    | Found Jong's Assorted Antiques.
 31124 | Orc:2    | Found Hostraoc's Magic Scroll Shoppe.
 31130 | Orc:2    | Bought a potion of heal wounds for 55 gold pieces
 31130 | Orc:2    | Bought a potion of haste for 110 gold pieces
 31130 | Orc:2    | Bought a potion of might for 44 gold pieces
 31135 | Orc:2    | Bought a scroll of enchant armour for 90 gold pieces
 31135 | Orc:2    | Bought a scroll of acquirement for 624 gold pieces
 31139 | Orc:2    | Bought a scroll of teleportation for 42 gold pieces
 31139 | Orc:2    | Bought a scroll of summoning for 133 gold pieces
 31139 | Orc:2    | Bought a scroll of teleportation for 42 gold pieces
 31139 | Orc:2    | Bought a scroll of teleportation for 42 gold pieces
 31139 | Orc:2    | Bought a scroll of remove curse for 42 gold pieces
 31139 | Orc:2    | Bought a scroll of remove curse for 42 gold pieces
 31144 | Orc:2    | Found the cursed +0 Maxwell's etheric cage {RegenMP+
                  | *Contam rElec MP+4}
 31157 | Orc:2    | Bought a scroll of summoning for 114 gold pieces
 31886 | Shoals:1 | Entered Level 1 of the Shoals
 32109 | Shoals:1 | Reached ***** piety under Ashenzari
 32371 | Shoals:1 | Reached skill level 5 in Shields
 32397 | Shoals:1 | Noticed Josephine
 32415 | Shoals:1 | Killed Josephine
 32819 | Shoals:2 | Found a flickering gateway to a bazaar.
 32829 | Bazaar   | Entered a bazaar
 32829 | Bazaar   | Found Pyahacu's Food Emporium.
 32829 | Bazaar   | Found Nihocri's General Store.
 32829 | Bazaar   | Found Hueboede's Assorted Antiques.
 32829 | Bazaar   | Found Lyatt's General Store.
 32831 | Bazaar   | Found Woelon's Antique Armour Shoppe.
 32831 | Bazaar   | Found Boxumom's Gadget Boutique.
 32853 | Bazaar   | Bought a scroll of blinking for 75 gold pieces
 32861 | Bazaar   | Bought a scroll of blinking for 112 gold pieces
 32864 | Bazaar   | Bought a +1 pair of boots of stealth for 132 gold pieces
 32864 | Bazaar   | Bought a scroll of teleportation for 24 gold pieces
 32872 | Bazaar   | Bought a pair of glowing boots for 210 gold pieces
 32884 | Bazaar   | Bought a wand of clouds (5) for 432 gold pieces
 32922 | Shoals:1 | Identified a +0 pair of boots of running (You bought it in
                  | a shop in a bazaar)
 33523 | Shoals:2 | Identified the +7 great sword of Valour {freeze, rC+ rN+}
 33530 | Shoals:2 | Reached XP level 17. HP: 84/103 MP: 24/24
 35341 | Shoals:3 | Noticed Polyphemus
 35379 | Shoals:3 | Killed Polyphemus
 35513 | Shoals:3 | Noticed Louise
 35531 | Shoals:3 | Killed Louise
 35682 | Shoals:3 | Noticed Ilsuiw
 35726 | Shoals:3 | Killed Ilsuiw
 36383 | Shoals:4 | Entered Level 4 of the Shoals
 36641 | Shoals:4 | HP: 5/104 [merfolk javelineer/javelin (11)]
 36645 | Shoals:4 | HP: 1/104 [merfolk javelineer/javelin (3)]
 36648 | Shoals:4 | Hit by a javelin thrown by a merfolk javelineer

Skill      XL: |  1  2  3  4  5  6  7  8  9 10 11 12 13 14 15 16 17 |
---------------+----------------------------------------------------+-----
Armour         | 1 2 3 4 5 7 8 9 10 11 12 13 14 | 14.8
Throwing       | 2 3 4 5 |  5.0
Short Blades   | 3 4 5 6 7 8 9 10 11 12 13 | 13.1
Stealth        | 1 2 3 4 5 6 7 8 9 10 11 | 11.9
Dodging        | 3 4 5 6 7 8 9 10 11 12 | 12.1
Fighting       | 3 4 5 6 7 8 9 10 11 | 11.2
Evocations     | 2 3 5 6 7 8 |  8.5
Spellcasting   | 2 4 5 |  5.0
Hexes          | 2 3 4 5 6 |  6.5
Shields        | 1 3 5 6 |  6.2

Action                   |  1- 3 |  4- 6 |  7- 9 | 10-12 | 13-15 | 16-18 || total
-------------------------+-------+-------+-------+-------+-------+-------++-------
Melee: Rapier            |   119 |   237 |   509 |   556 |  1591 |  1221 ||  4233
       Dagger            |       |       |       |   844 |    11 |   100 ||   955
Throw: Throwing net      |       |     3 |     3 |     6 |    10 |       ||    22
       Tomahawk          |       |       |     2 |       |     1 |       ||     3
Invok: Curse Item        |       |       |       |       |       |     5 ||     5
 Abil: Evoke Berserk Rag |       |       |     1 |     6 |     8 |     7 ||    22
       Fly               |       |       |       |       |       |     1 ||     1
Evoke: Wand              |       |       |       |     6 |     4 |     3 ||    13
  Use: Potion            |       |     7 |     4 |     4 |     3 |     6 ||    24
       Scroll            |       |       |     9 |    14 |    13 |     9 ||    45
 Stab: Sleeping          |     2 |     5 |     4 |    26 |    41 |    17 ||    95
       Held in net/web   |       |     2 |     1 |     7 |     5 |     1 ||    16
       Distracted        |       |       |     1 |     2 |     3 |       ||     6
       Paralysed         |       |       |       |       |     3 |       ||     3
  Eat: Chunk             |     1 |     7 |    13 |    28 |    50 |    23 ||   122
       Ration            |       |       |       |     3 |     4 |     3 ||    10
Armor: Leather armour    |    41 |   100 |   188 |   225 |       |       ||   554
       Ring mail         |       |       |    30 |   162 |   564 |    15 ||   771
       Chain mail        |       |       |       |       |       |   461 ||   461
Dodge: Dodged            |    69 |   219 |   348 |   885 |  1047 |   584 ||  3152
Block: Buckler           |       |       |       |       |   237 |   433 ||   670
       Reflection        |       |       |       |       |    15 |    38 ||    53
